 Dungeon Crawl Stone Soup version 0.29.1-15-g9cfb28693d (webtiles) character file.

Game seed: 8022974784012757904

9067 avenstey the Fencer (level 11, -3/67 HPs)
             Began as a Demonspawn Monk on Mar 20, 2023.
             Was a Priest of Hepliaklqana.
             Slain by a gnoll sergeant
             ... wielding a +0 spear
              (6 damage)
             ... on level 9 of the Dungeon.
             The game lasted 00:27:48 (14697 turns).

avenstey the Fencer (Demonspawn Monk)              Turns: 14697, Time: 00:27:49

Health: -3/67      AC:  8    Str: 16    XL:     11   Next: 18%
Magic:  0/11       EV: 12    Int: 18    God:    Hepliaklqana [***...]
Gold:   192        SH:  4    Dex: 15    Spells: 10/10 levels left

rFire   . . .      SeeInvis .   G - +4 scimitar (drain)
rCold   . . .      Faith    .   (no shield)
rNeg    . . .      Spirit   +   O - +0 steam dragon scales
rPois   +          Reflect  .   (helmet restricted)
rElec   .          Harm     .   (no cloak)
rCorr   .          Rampage  .   (no gloves)
Will    .....                   (no boots)
Stlth   ++........              M - amulet of guardian spirit
HPRegen 0.21/turn               i - ring of poison resistance
MPRegen 0.12/turn               B - +6 ring of intelligence

@: no status effects
A: reduced essence, antennae 1, yellow scales 2, foul stench 2, condensation
shield
a: Renounce Religion, Recall Ancestor, Ancestor Identity, Transference


You were on level 9 of the Dungeon.
You worshipped Hepliaklqana.
Hepliaklqana was most pleased with you.
You visited 2 branches of the dungeon, and saw 10 of its levels.
You also visited: Sewer.

You collected 688 gold pieces.
You spent 496 gold pieces at shops.

Inventory:

Hand Weapons
 C - a +0 sling
 G - a +4 scimitar of draining (weapon)
 I - a +0 shortbow
Missiles
 e - 9 boomerangs
 k - 25 poisoned darts
 D - 3 curare-tipped darts (quivered)
 N - 7 throwing nets
Armour
 j - a +2 robe of willpower
 t - the +2 robe of the Volcano {rPois rC- rCorr SInv}
   (You found it on level 8 of the Dungeon)

   rC:        It makes you vulnerable to cold.
   rPois:     It protects you from poison.
   SInv:      It lets you see invisible.
   rCorr:     It protects you from acid and corrosion.
 F - the +0 leather armour of Summer {MP+9 Str+4}
   (You bought it in a shop on level 9 of the Dungeon)

   Str:       It affects your strength (+4).
   MP:        It affects your magic capacity (+9).
 O - +0 steam dragon scales (worn)
Magical Staves
 o - a staff of earth
 r - a staff of cold
Jewellery
 i - a ring of poison resistance (left hand)
 y - a ring of ice
 B - a +6 ring of intelligence (right hand)
 J - an amulet of faith
 M - an amulet of guardian spirit (around neck)
Wands
 g - a wand of flame (17)
 H - a wand of charming (18)
 P - a wand of mindburst (4)
Scrolls
 a - a scroll of amnesia
 f - 3 scrolls of magic mapping
 l - 2 scrolls of fear
 m - 2 scrolls of enchant weapon
 n - a scroll of silence
 p - 2 scrolls of poison
 s - 2 scrolls of butterflies
 z - 5 scrolls of teleportation
 A - a scroll of enchant armour
 R - a scroll of identify
Potions
 b - a potion of berserk rage
 c - 2 potions of ambrosia
 d - 3 potions of curing
 h - 2 potions of cancellation
 q - 4 potions of heal wounds
 u - a potion of brilliance
 v - 3 potions of invisibility
 w - 3 potions of haste
 x - a potion of magic
 E - a potion of might
 K - 2 potions of degeneration {unknown}
 L - 2 potions of resistance
 Q - 2 potions of attraction {unknown}


   Skills:
 - Level 3.0 Fighting
 + Level 16.0 Long Blades
 - Level 2.6 Dodging
 - Level 1.7 Stealth


You had 10 spell levels left.
You didn't know any spells.
Your spell library contained the following spells:

 Spells                   Type           Power      Damage    Failure   Level
 Freeze                   Ice            0%         1d3       22%         1
 Magic Dart               Conj           0%         1d3       22%         1
 Sting                    Tmut/Pois      0%         1d3       22%         1
 Blink                    Tloc           0%         N/A       32%         2
 Poisonous Vapours        Pois/Air       0%         N/A       32%         2
 Searing Ray              Conj           0%         2d4       32%         2
 Dazzling Flash           Conj/Hex       0%         N/A       54%         3
 Frozen Ramparts          Ice            0%         1d1       54%         3
 Ignite Poison            Fire/Tmut/Pois 0%         N/A       54%         3
 Mephitic Cloud           Conj/Pois/Air  0%         N/A       54%         3
 Fulminant Prism          Conj/Hex       0%         3d6       91%         4
 Hailstorm                Conj/Ice       0%         3d3       91%         4
 Iskenderun's Mystic Bla  Conj/Tloc      0%         2d3       91%         4
 Olgreb's Toxic Radiance  Pois           0%         N/A       91%         4
 Freezing Cloud           Conj/Ice/Air   0%         6-21      99%         5
 Manifold Assault         Tloc           0%         N/A       99%         5
 Starburst                Conj/Fire      0%         6d3       100%        6
 Storm Form               Tmut/Air       0%         N/A       100%        7


Dungeon Overview and Level Annotations

Branches:
Dungeon (9/15)             Temple (1/1) D:6             Orc (0/2) D:9
  Sewer (visited)
   Lair: D:8-11

Altars:
Ashenzari
Cheibriados
Dithmenos
Fedhas
Gozag
Hepliaklqana
Kikubaaqudgha
Makhleb
Nemelex Xobeh
Okawaru
Qazlal
Ru
Sif Muna
Trog
Uskayaw
Vehumet
Wu Jian
Xom
Yredelemnul

Shops:
D:1 (   D:9 [

Annotations:
D:9 cghgu1's ghost, novice MiFi


Innate Abilities, Weirdness & Mutations

Your life essence is reduced to manifest your ancestor. (-10% HP)
You have a pair of small antennae on your head.
You are mostly covered in yellow scales. (AC +3)
You sometimes emit foul miasma when damaged in melee.
A meltable shield of frost defends you. (SH +4)


Message History

Unknown command.
Londisizwe gestures at the boulder beetle while chanting.
The boulder beetle resists with some effort.
The boulder beetle attacks as you move away!
The boulder beetle bites you. The vampire attacks as you move away!
The vampire barely misses you. The vampire misses you.
You hit the vampire.
The vampire is lightly damaged.
Londisizwe hits the vampire with a +0 dagger of draining. x2
You hit the vampire.
The vampire is moderately damaged.
The gnoll sergeant hits you but does no damage.
The vampire hits you.
You emit a cloud of foul miasma!
You block the vampire's attack.
Londisizwe hits the vampire but does no damage.
You closely miss the vampire.
The vampire is moderately damaged.
Londisizwe barely misses the vampire.
The vampire misses you. The vampire closely misses you.
The gnoll sergeant hits you from afar with a +0 spear.
* * * LOW HITPOINT WARNING * * *
You hit the vampire.
The vampire is moderately damaged.
Londisizwe barely misses the vampire.
Londisizwe hits the vampire but does no damage.
The vampire mumbles some strange words.
The vampire flickers and vanishes!
Deactivating autopickup; reactivate with Ctrl-A.
The gnoll sergeant misses you.
You barely miss something.
Londisizwe closely misses something.
You hit something but do no damage.
Londisizwe hits something with a +0 dagger of draining.
Something hits you!
* * * LOW HITPOINT WARNING * * *
Something bites you!
* * * LOW HITPOINT WARNING * * *
Something draws strength from your injuries!
The gnoll sergeant hits you from afar with a +0 spear!
You die...

.##..##...##©.$....##....##....#.
..........#8..#.#..8#....#.....#.
.......)..#..#...#..#....###+###.
..........#..)......#....##..###.
.)#####..©#..[.©....#©...##...#..
.....###..#........:#[...##...#..
)....#<...#..#...#..#....##.)###.
.....)[...#8..#R#..8#....##......
....8..#.[##.Bg{@..##....##.(..#.
.....(##...#########.....#....##.
.....#.'...................#R##..
.....#.#..................##....#
..######..##..##.##.###..##..#.##
###..###..#########.#.......##...
.....#.....# #.......#.##..#.
.....'.....# #......##....##.
.....#)....# #.....##..#.##..


You could see the friendly Londisizwe the hexer, a boulder beetle (drained) and
a gnoll sergeant.

Vanquished Creatures
  Harold (D:9)
  2 two-headed ogres
  Maggie (D:8)
  Psyche (D:8)
  Prince Ribbit (D:9)
  A hornet (D:8)
  A wyvern (D:6)
  3 yaks (D:9)
  2 steam dragons
  A water moccasin (D:8)
  3 orc warriors
  3 black bears
  An ice beast (D:7)
  6 ogres
  3 centaurs
  2 kobold brigands
  2 bullfrogs
  2 necrophages (D:5)
  A gnoll sergeant (D:6)
  4 scorpions
  5 wights
  9 killer bees
  4 howler monkeys
  A jelly (D:5)
  3 orc priests
  4 gnoll boudas (D:7)
  5 hounds
  An iguana (D:6)
  7 orc wizards
  10 gnolls
  11 adders
  7 river rats (Sewer)
  A shadow imp (D:6)
  An ufetubus (D:6)
  2 worms
  A dart slug (D:2)
  34 orcs
  5 bats
  11 endoplasms
  2 giant cockroaches
  6 goblins
  7 hobgoblins
  2 jackals (D:2)
  15 kobolds
  12 ball pythons
  2 frilled lizards
  24 rats
233 creatures vanquished.

Vanquished Creatures (collateral kills)
  A two-headed ogre (D:8)
  A wyvern (D:9)
  A water moccasin (D:8)
  An ice beast (D:8)
  2 orc warriors
  A kobold brigand (D:7)
  A bullfrog (D:8)
  A wight (D:7)
  A killer bee (D:7)
  A howler monkey (D:8)
  A jelly (D:8)
  An orc priest (D:9)
  2 orc wizards
  5 gnolls (D:7)
  6 orcs
  3 kobolds (D:7)
29 creatures vanquished.

Vanquished Creatures (others)
  An electric eel (D:9)
  A howler monkey (D:8)
  A hexer (D:8)
  A bush (D:6)
  6 fungi (D:7)
  11 plants (D:7)
21 creatures vanquished.

Grand Total: 283 creatures vanquished

Notes
Turn   | Place    | Note
-------+----------+-------------------------------------------
     0 | D:1      | avenstey the Demonspawn Monk began the quest for the Orb.
     0 | D:1      | Reached XP level 1. HP: 18/18 MP: 1/1
    52 | D:1      | Found Saorran's Weapon Emporium.
    73 | D:1      | Found a faded altar of an unknown god.
    95 | D:1      | Reached skill level 3 in Long Blades
   398 | D:1      | Gained mutation: You may rarely emit foul miasma when
                  | damaged in melee. [demonic ancestry]
   398 | D:1      | Reached XP level 2. HP: 24/24 MP: 2/2
  1091 | D:1      | Gained mutation: You have a pair of small antennae on your
                  | head. [demonic ancestry]
  1091 | D:1      | Reached XP level 3. HP: 29/29 MP: 3/3
  1313 | D:2      | Reached skill level 4 in Long Blades
  1932 | D:2      | Reached XP level 4. HP: 9/35 MP: 4/4
  3787 | D:3      | Reached skill level 5 in Long Blades
  4391 | D:4      | Noticed an ogre
  4399 | D:4      | Killed an ogre
  4400 | D:4      | Gained mutation: You are partially covered in yellow
                  | scales. (AC +2) [demonic ancestry]
  4400 | D:4      | Reached XP level 5. HP: 21/41 MP: 5/5
  4609 | D:4      | Found a glowing drain.
  4618 | D:4      | Reached skill level 6 in Long Blades
  4670 | Sewer    | Entered a sewer
  4820 | Sewer    | Reached XP level 6. HP: 47/47 MP: 6/6
  5673 | Sewer    | Reached skill level 7 in Long Blades
  6292 | D:5      | Entered Level 5 of the Dungeon
  6381 | D:5      | Gained mutation: A meltable shield of frost defends you.
                  | (SH +4) [demonic ancestry]
  6381 | D:5      | Reached XP level 7. HP: 36/52 MP: 7/7
  6702 | D:5      | Found a shimmering altar of Xom.
  6999 | D:5      | Reached skill level 8 in Long Blades
  7807 | D:1      | Bought a +4 scimitar of draining for 321 gold pieces
  7920 | D:6      | Reached skill level 9 in Long Blades
  7920 | D:6      | Reached XP level 8. HP: 58/58 MP: 8/8
  8199 | D:6      | Reached skill level 10 in Long Blades
  8780 | D:6      | Reached skill level 11 in Long Blades
  9122 | D:6      | Reached XP level 9. HP: 63/63 MP: 9/9
  9287 | D:6      | Found a staircase to the Ecumenical Temple.
  9339 | Temple   | Entered the Ecumenical Temple
  9400 | Temple   | Became a worshipper of Hepliaklqana the Forgotten
  9400 | Temple   | Reached * piety under Hepliaklqana
  9400 | Temple   | Reached ** piety under Hepliaklqana
  9420 | Temple   | Remembered your ancestor Londisizwe as a hexer
  9902 | D:7      | Noticed a two-headed ogre
  9910 | D:7      | Killed a two-headed ogre
  9911 | D:7      | Reached skill level 12 in Long Blades
 10692 | D:7      | Reached skill level 13 in Long Blades
 11175 | D:7      | Gained mutation: You are mostly covered in yellow scales.
                  | (AC +3) [demonic ancestry]
 11175 | D:7      | Reached XP level 10. HP: 43/63 MP: 6/10
 12008 | D:8      | Noticed a two-headed ogre
 12016 | D:8      | Noticed Maggie
 12176 | D:8      | Killed Maggie
 12177 | D:8      | Reached skill level 14 in Long Blades
 12245 | D:8      | Killed a two-headed ogre
 12478 | D:8      | Noticed Psyche
 12486 | D:8      | Killed Psyche
 12560 | D:8      | Found a shimmering blue altar of Sif Muna.
 12561 | D:8      | Found a bloodstained altar of Trog.
 12565 | D:8      | Found a blossoming altar of Fedhas.
 12665 | D:8      | Reached skill level 15 in Long Blades
 12819 | D:8      | Identified the +2 robe of the Volcano {rPois rC- rCorr
                  | SInv}
 12960 | D:9      | Reached *** piety under Hepliaklqana
 13034 | D:9      | Found Fegumying's Antique Armour Boutique.
 13331 | D:9      | Bought a turquoise-encrusted leather armour for 175 gold
                  | pieces
 13331 | D:9      | Identified the +0 leather armour of Summer {MP+9 Str+4}
                  | (You bought it in a shop on level 9 of the Dungeon)
 13389 | D:9      | Noticed a two-headed ogre
 13395 | D:9      | Killed a two-headed ogre
 13404 | D:9      | Gained mutation: You sometimes emit foul miasma when
                  | damaged in melee. [demonic ancestry]
 13404 | D:9      | Reached XP level 11. HP: 42/67 MP: 7/11
 13532 | D:9      | Found a transporter.
 13536 | D:9      | Found a transporter.
 13538 | D:9      | Noticed cghgu1's ghost (novice MiFi)
 13539 | D:9      | Noticed a boulder beetle
 13560 | D:9      | Found a staircase to the Orcish Mines.
 13584 | D:9      | Noticed Harold
 13595 | D:9      | Killed Harold
 13648 | D:9      | Noticed Prince Ribbit
 13658 | D:9      | Killed Prince Ribbit
 14406 | D:9      | Reached skill level 16 in Long Blades
 14697 | D:9      | HP: 3/67 [something (8)]
 14697 | D:9      | Slain by a gnoll sergeant

Illustrated notes

Levels and vault maps discovered:
D:1:      onia_arrival_mini_spirals, layout_rooms, serial_shops,
          nicolae_square_shop, ebering_ecumenical_altar_mist
D:2:      layout_basic
D:3:      layout_basic
D:4:      layout_loops_ring, gup_sewer_entry_glass, minmay_misc_feat_doors
D:5:      layout_loops_ring, mainiacjoe_overflow_surrounded_room,
          minmay_misc_feat_rugged
D:6:      nicolae_cairo_tiling_large_dashed, layout_loops_cross,
          minmay_temple_entry_glassed_door, minivault_26,
          kb_lookout_dungeons_type, grunt_ministairs_3, bh_walls_and_bars
D:7:      kennysheep_seaside_town, layout_basic
D:8:      layout_loops_ring, chequers_temple_overflow_statue_of_worship,
          uniq_maggie, uniq_psyche
D:9:      layout_gridville, david_orc_2, gammafunk_ghost_arena, nicolae_wwwww,
          nicolae_inconvenience_store, uniq_prince_ribbit1, uniq_harold
Temple:   regret_index_temple_chain_breaker

Skill      XL: |  1  2  3  4  5  6  7  8  9 10 11 |
---------------+----------------------------------+-----
Long Blades    | 3 4 5 6 7 9 11 13 15 16 | 16.0
Fighting       | |  3.0
Dodging        | |  2.6
Stealth        | |  1.7

Action                   |  1- 3 |  4- 6 |  7- 9 | 10-12 || total
-------------------------+-------+-------+-------+-------++-------
Melee: Falchion          |   102 |   295 |   125 |       ||   522
       Punch             |     1 |     3 |     5 |     1 ||    10
       Scimitar          |       |       |   162 |   168 ||   330
Throw: Dart              |       |       |       |     9 ||     9
Invok: Ancestor Identity |       |       |     3 |       ||     3
       Recall Ancestor   |       |       |     1 |     2 ||     3
       Ancestor Life: He |       |       |     1 |       ||     1
  Use: Scroll            |       |       |       |    21 ||    21
 Stab: Sleeping          |     5 |     6 |     2 |       ||    13
       Confused          |       |       |     1 |     8 ||     9
       Distracted        |       |       |     1 |     3 ||     4
Armor: Robe              |    10 |    47 |     7 |       ||    64
       Ring mail         |       |       |    64 |     5 ||    69
       Steam dragon scal |       |       |       |    23 ||    23
Dodge: Dodged            |    60 |   205 |   110 |    69 ||   444
Block: Other             |       |       |    42 |    24 ||    66
